 Dungeon Crawl Stone Soup version 0.26.0-16-gc1dbca0489 (webtiles) character file.

Game seed: 8146020346733235848

15236 kaeus the Fighter (level 11, -12/79 (81) HPs)
             Began as a Demonspawn Fighter on Jan 21, 2021.
             Was the Champion of Hepliaklqana.
             Mangled by an orc warrior
             ... wielding a +2 long sword of holy wrath
              (17 damage)
             ... while paralysed by an orc sorcerer
             ... on level 2 of the Orcish Mines.
             The game lasted 00:40:16 (13560 turns).

kaeus the Fighter (Demonspawn Fighter)             Turns: 13560, Time: 00:40:17

HP:   -12/79 (81)   AC: 15    Str: 26    XL:     11   Next: 99%
MP:   0/11          EV:  2    Int: 11    God:    Hepliaklqana [******]
Gold: 706           SH:  0    Dex: 15    Spells: 10/10 levels left

rFire    . . .     SeeInvis +   R - +0 demon blade of Seocy {flame, *Contam Str+3 Dex+5 SInv}
rCold    + . .     Faith    +   c - +0 kite shield
rNeg     . . .     Spirit   +   N - +4 ring mail of Davaj {rElec Str+4 Dex-2}
rPois    .         Reflect  .   D - +0 helmet
rElec    +         Harm     .   s - +0 cloak
rCorr    .         Rampage  .   l - +0 pair of gloves
Will     .....                  (boots unavailable)
Stlth    +.........             r - amulet of faith
HPRegen  0.23/turn              t - ring of protection from cold
MPRegen  0.24/turn              n - +4 ring of evasion

@: paralysed, lightly drained
A: reduced essence, talons 3, large bone plates 3, magic shield, magic
regeneration, miasma immunity
a: Renounce Religion, Recall Ancestor, Ancestor Identity, Transference, Idealise


You were on level 2 of the Orcish Mines.
You worshipped Hepliaklqana.
Hepliaklqana was exalted by your worship.
You visited 2 branches of the dungeon, and saw 13 of its levels.
You also visited: Ossuary.

You collected 1416 gold pieces.
You spent 710 gold pieces at shops.

Inventory:

Hand Weapons
 q - a +5 spear of venom
 R - the +0 demon blade of Seocy (weapon) {flame, *Contam Str+3 Dex+5 SInv}
   (You bought it in a shop on level 2 of the Orcish Mines)

   It has been specially enchanted to burn those struck by it, causing extra
   injury to most foes and up to half again as much damage against particularly
   susceptible opponents.
   Big, fiery blades are also staple armaments of hydra-hunters.
   It affects your strength (+3).
   It affects your dexterity (+5).
   It lets you see invisible.
   It causes magical contamination when unequipped.
Armour
 c - a +0 kite shield (worn)
 l - a +0 pair of gloves (worn)
 s - a +0 cloak (worn)
 w - the +5 scale mail "Badapt" {Dex+3 SInv}
   (You found it on level 4 of the Dungeon)

   It affects your dexterity (+3).
   It lets you see invisible.
 D - a +0 helmet (worn)
 N - the +4 ring mail of Davaj (worn) {rElec Str+4 Dex-2}
   (You found it on level 8 of the Dungeon)

   It affects your strength (+4).
   It affects your dexterity (-2).
   It insulates you from electricity.
Jewellery
 i - an uncursed ring of positive energy
 n - a +4 ring of evasion (right hand)
 r - an amulet of faith (around neck)
 t - a ring of protection from cold (left hand)
Wands
 y - a wand of flame (35)
 B - a wand of polymorph (10)
 E - a wand of acid (11)
 F - a wand of random effects (41)
 Q - a wand of paralysis (11)
Scrolls
 e - 6 scrolls of remove curse
 f - 5 scrolls of amnesia
 h - 11 scrolls of teleportation
 u - 2 scrolls of blinking {unknown}
 z - 4 scrolls of magic mapping
 G - a scroll of immolation {unknown}
 H - 5 scrolls of random uselessness
 J - a scroll of noise {unknown}
 K - a scroll of fog {unknown}
 L - 2 scrolls of vulnerability {unknown}
Potions
 a - 3 potions of lignification
 b - 6 potions of brilliance
 d - 3 potions of might
 j - a potion of curing
 k - 6 potions of degeneration
 o - 2 potions of cancellation
 v - 2 potions of haste
 x - a potion of invisibility {unknown}
 A - 3 potions of attraction
 I - a potion of resistance {unknown}
 M - a potion of mutation {unknown}
 O - a potion of experience {unknown}


   Skills:
 - Level 10.0 Fighting
 * Level 3.9 Long Blades
 - Level 2.9(5.9) Axes
 - Level 8.1(8.3) Polearms
 + Level 9.5 Armour
 - Level 9.0 Shields
 - Level 3.0 Evocations


You had 10 spell levels left.
You didn't know any spells.
Your spell library contained the following spells:

 Spells                   Type           Power        Failure   Level
 Confusing Touch          Hex            0%           97%         3
 Gell's Gravitas          Tloc           0%           97%         3
 Petrify                  Tmut/Erth      0%           100%        4
 Bolt of Magma            Conj/Fire/Erth 0%           100%        5
 Iskenderun's Battlesphe  Conj           0%           100%        5
 Metabolic Englaciation   Hex/Ice        0%           100%        5
 Yara's Violent Unravell  Hex/Tmut       0%           100%        5
 Iron Shot                Conj/Erth      0%           100%        6
 Orb of Destruction       Conj           0%           100%        7
 Spellforged Servitor     Conj/Summ      0%           100%        7


Dungeon Overview and Level Annotations

Branches:
Dungeon (11/15)            Temple (0/1) D:5            Lair (0/6) D:11
    Orc (2/2) D:9             Elf (0/3) Orc:2       Ossuary (visited)

Altars:
Cheibriados
Dithmenos
Elyvilon
Fedhas
Gozag
Hepliaklqana
Kikubaaqudgha
Nemelex Xobeh
Okawaru
Sif Muna
Uskayaw
Xom
Zin
The Shining One
Beogh

Shops:
D:4 !   D:8 *   D:9 **   Orc:2 ((


Innate Abilities, Weirdness & Mutations

You have claws for feet.
You are completely covered in large bone plates. (SH +8)
When hurt, damage is shared between your health and your magic reserves.
You regenerate magic rapidly.
You are immune to miasma.
Your life essence is reduced to manifest your ancestor. (-10% HP)


Message History

The sixfirhy completely resists.
The bolt of negative energy hits you!
You feel drained.
The bolt of negative energy hits Thiole.
Thiole completely resists.
You hear a shout!
The orc wizard shouts!
The sixfirhy hits you but does no damage.
The sixfirhy hits you! The sixfirhy shocks you. You resist.
The sixfirhy hits you. The sixfirhy shocks you. You resist.
The orc warrior hits Thiole with a +2 long sword of holy wrath!!
Thiole is destroyed!
The orc warlord roars a battlecry!
The sixfirhy hits you but does no damage.
An orc warrior comes into view. It is wielding a +0 halberd.
The orc warrior screams, "I'll kill you anyway!"
The orc wizard points at itself and mumbles some strange words.
The orc wizard flickers and vanishes for a moment.
The orc warrior hits you with a +2 long sword of holy wrath!!
* * * LOW HITPOINT WARNING * * *
You convulse!!
You die...

......## #.................
....)..##### #......##....[...
.........#.## ##.....#..#.....).
............# #...#..........#..
.........#.## ##.................
......#########.8.8รท.............
.#.#.## ###......).............
#.....# ##...##o''##.....#......
##...## #..###.@o..###..........
#...# #.## #83o.8# ##......#..
###.## #.# ##oo4## #.....#.#.
##### #.# #oo.# #......... .##
##.#


oooh' #......... ..# #..# #.o.#. #......... .#### ##.# #o8o### #......... .##.##
#.# #.o.# #......... .....## #.# #......... You could see an orc warlord, an
orange demon (summoned), a sixfirhy (summoned), a warg, an orc sorcerer
(strong), 6 orc warriors, an orc wizard (strong, invisible) and 5 orcs.

Vanquished Creatures
  A rakshasa (D:9)
  A skeletal warrior (D:9)
  An orc knight (Orc:2)
  3 cyclopes
  An orc sorcerer (Orc:2)
  Psyche (D:9)
  A gargoyle (D:10)
  5 trolls
  2 hornets
  A wyvern (D:8)
  Sigmund (D:4)
  A warg (Orc:1)
  Duvessa (D:4)
  3 sky beasts (D:7)
  16 orc warriors
  An ice beast (D:8)
  2 necrophages
  9 ogres
  3 centaurs
  A wolf (D:11)
  3 big kobolds
  6 bullfrogs
  A water moccasin zombie (Ossuary)
  4 scorpions
  6 killer bees
  5 wights (D:11)
  An electric eel (D:11)
  4 bullfrog zombies
  A quasit (D:10)
  A centaur zombie (Ossuary)
  13 hounds
  A jelly (D:7)
  14 orc wizards
  3 orc priests
  2 bullfrog skeletons (D:5)
  A centaur skeleton (D:10)
  2 iguanas
  7 mummies (Ossuary)
  Jessica (D:3)
  Ijyb (D:4)
  4 worker ants
  A killer bee zombie (Ossuary)
  2 hound zombies (Ossuary)
  A hound skeleton (D:5)
  2 howler monkey zombies (Ossuary)
  2 worker ant zombies
  6 gnolls
  12 adders
  A shadow imp (D:7)
  2 white imps
  An ufetubus (D:8)
  An adder zombie (D:6)
  2 worms
  2 dart slugs
  4 leopard geckos
  50 orcs
  8 bats
  5 giant cockroaches
  9 goblins
  6 hobgoblins
  8 jackals
  22 kobolds
  3 quokkas
  3 ball pythons
  5 frilled lizards
  A kobold zombie (D:7)
  2 leopard gecko zombies (Ossuary)
  An orc zombie (D:7)
  A quokka zombie (Ossuary)
  7 rats
306 creatures vanquished.

Vanquished Creatures (collateral kills)
  2 two-headed ogres
  A centaur skeleton (D:11)
  An efreet (D:9)
  A wyvern (D:11)
  An ice beast (D:10)
  2 sky beasts
  An ogre (D:4)
  A centaur (D:5)
  A gnoll sergeant (D:5)
  Dowan (D:4)
  An electric eel (D:11)
  A centaur zombie (D:8)
  2 orc priests
  3 orc wizards
  3 worker ants
  A hound zombie (D:9)
  6 mummies
  4 worker ant zombies
  6 gnolls
  2 adders
  An ufetubus (D:9)
  2 worms (D:4)
  2 leopard geckos
  17 orcs
  2 bats
  A giant cockroach (D:4)
  A jackal (D:2)
  3 kobolds
70 creatures vanquished.

Vanquished Creatures (others)
  An electric eel (D:11)
  10 hexers
  2 ancestors
  8 withered plants
21 creatures vanquished.

Grand Total: 397 creatures vanquished

Notes
Turn   | Place    | Note
-------+----------+-------------------------------------------
     0 | D:1      | kaeus the Demonspawn Fighter began the quest for the Orb.
     0 | D:1      | Reached XP level 1. HP: 18/18 MP: 1/1
   211 | D:1      | Gained mutation: You are immune to miasma. [demonic
                  | ancestry]
   211 | D:1      | Reached XP level 2. HP: 24/24 MP: 2/2
   872 | D:2      | Found a hazy altar of Hepliaklqana.
   895 | D:2      | Became a worshipper of Hepliaklqana the Forgotten
  1046 | D:2      | Gained mutation: You are partially covered in large bone
                  | plates. (SH +4) [demonic ancestry]
  1046 | D:2      | Reached XP level 3. HP: 23/26 MP: 3/3
  1097 | D:2      | Found an ancient bone altar of Kikubaaqudgha.
  1710 | D:3      | Reached * piety under Hepliaklqana
  1715 | D:3      | Gained mutation: When hurt, damage is shared between your
                  | health and your magic reserves. [demonic ancestry]
  1715 | D:3      | Reached XP level 4. HP: 15/31 MP: 4/4
  2067 | D:3      | Found a white marble altar of Elyvilon.
  2068 | D:3      | Noticed Jessica
  2079 | D:3      | Killed Jessica
  2246 | D:3      | You fall into a shaft and drop 1 floor!
  2273 | D:3      | Gained mutation: You have sharp toenails. [demonic
                  | ancestry]
  2273 | D:3      | Reached XP level 5. HP: 6/37 MP: 2/5
  2462 | D:3      | Reached skill level 4 in Fighting
  2821 | D:3      | Found a glowing golden altar of the Shining One.
  2834 | D:3      | Found an iron altar of Okawaru.
  3232 | D:4      | Found a snail-covered altar of Cheibriados.
  3232 | D:4      | Noticed Ijyb
  3232 | D:4      | Paralysed by Ijyb for 2 turns
  3240 | D:4      | Paralysed by Ijyb for 7 turns
  3249 | D:4      | Killed Ijyb
  3269 | D:4      | Reached skill level 1 in Polearms
  3269 | D:4      | Gained mutation: You regenerate magic rapidly. [demonic
                  | ancestry]
  3269 | D:4      | Reached XP level 6. HP: 43/43 MP: 6/6
  3272 | D:4      | Found a shadowy altar of Dithmenos.
  3273 | D:4      | Found Lepitsag's Distillery.
  3282 | D:4      | Bought a potion of haste for 100 gold pieces
  3282 | D:4      | Bought a potion of curing for 30 gold pieces
  3302 | D:4      | Got a spiked scale mail
  3313 | D:4      | Identified the +5 scale mail "Badapt" {Dex+3 SInv} (You
                  | found it on level 4 of the Dungeon)
  3447 | D:4      | Noticed Dowan
  3461 | D:4      | Killed Dowan
  3463 | D:4      | Noticed Duvessa
  3480 | D:4      | Killed Duvessa
  3481 | D:4      | Reached XP level 7. HP: 28/49 MP: 4/7
  3484 | D:4      | Reached skill level 5 in Fighting
  3692 | D:4      | Noticed Sigmund
  3702 | D:4      | Killed Sigmund
  3780 | D:4      | Reached ** piety under Hepliaklqana
  3781 | D:4      | Remembered your ancestor Thiole as a hexer
  3925 | D:5      | Entered Level 5 of the Dungeon
  3961 | D:5      | Reached skill level 5 in Armour
  3963 | D:5      | Gained mutation: You are mostly covered in large bone
                  | plates. (SH +6) [demonic ancestry]
  3963 | D:5      | Reached XP level 8. HP: 50/56 MP: 5/8
  3967 | D:5      | Reached skill level 5 in Shields
  4031 | D:5      | Found a staircase to the Ecumenical Temple.
  4301 | D:5      | Found a glowing golden altar of the Shining One.
  4332 | D:5      | Reached skill level 6 in Fighting
  4365 | D:5      | Reached *** piety under Hepliaklqana
  4478 | D:5      | Found a shimmering blue altar of Sif Muna.
  4780 | D:6      | Found an opulent altar of Gozag.
  5186 | D:6      | Gained mutation: You are completely covered in large bone
                  | plates. (SH +8) [demonic ancestry]
  5186 | D:6      | Reached XP level 9. HP: 63/63 MP: 9/9
  5582 | D:7      | Found a sand-covered staircase.
  5597 | Ossuary  | Entered an ossuary
  5697 | Ossuary  | Reached skill level 7 in Fighting
  5742 | Ossuary  | Reached skill level 5 in Polearms
  5831 | Ossuary  | Reached **** piety under Hepliaklqana
  6088 | D:7      | Found a sparkling altar of Nemelex Xobeh.
  6199 | D:7      | Got a scorched long sword
  6200 | D:7      | Identified the cursed +1 long sword of the Spider {vorpal,
                  | +Inv rC+} (You found it on level 7 of the Dungeon)
  6278 | D:7      | Noticed a +0 dagger
  6279 | D:7      | Noticed a +0 hand axe
  6290 | D:7      | Found a hide-covered altar of Uskayaw.
  6383 | D:7      | Found a blossoming altar of Fedhas.
  7154 | D:8      | Got a twisted ring mail
  7155 | D:8      | Identified the +4 ring mail of Davaj {rElec Str+4 Dex-2}
                  | (You found it on level 8 of the Dungeon)
  7218 | D:8      | Found a shadowy altar of Dithmenos.
  7305 | D:8      | Found Qavownargh's Changing Room.
  7343 | D:8      | Noticed a two-headed ogre
  7353 | D:8      | Killed a two-headed ogre
  7354 | D:8      | Reached skill level 8 in Fighting
  7354 | D:8      | Gained mutation: You have razor-sharp toenails. [demonic
                  | ancestry]
  7354 | D:8      | Reached XP level 10. HP: 71/72 MP: 10/10
  7430 | D:8      | Noticed a cyclops
  7479 | D:8      | Killed a cyclops
  7522 | D:8      | Reached ***** piety under Hepliaklqana
  7522 | D:8      | Noticed an angel
  7523 | D:8      | Found a shimmering altar of Xom.
  7523 | D:8      | Found a glowing silver altar of Zin.
  7904 | D:9      | Found a staircase to the Orcish Mines.
  8079 | D:9      | Noticed Psyche
  8094 | D:9      | Killed Psyche
  8116 | D:9      | Noticed a two-headed ogre
  8128 | D:9      | Killed a two-headed ogre
  8187 | D:9      | Found Zoirgh's General Store.
  8234 | D:9      | Reached skill level 9 in Fighting
  8248 | D:9      | Found Moprabi's Assorted Antiques.
  8301 | D:9      | Noticed a skeletal warrior
  8383 | D:9      | Killed a skeletal warrior
  8384 | D:9      | Reached skill level 1 in Evocations
  8784 | D:9      | Gained mutation: You have claws for feet. [demonic
                  | ancestry]
  8784 | D:9      | Reached XP level 11. HP: 55/80 MP: 7/11
  8784 | D:9      | Noticed a rakshasa
  8817 | D:9      | Found an iron altar of Okawaru.
  8880 | D:9      | Killed a rakshasa
  9359 | D:10     | Entered Level 10 of the Dungeon
 11031 | D:11     | Found a staircase to the Lair.
 11642 | Orc:1    | Entered Level 1 of the Orcish Mines
 11821 | Orc:2    | Entered Level 2 of the Orcish Mines
 11821 | Orc:2    | Found Iroxzi's Antique Weapon Emporium.
 11829 | Orc:2    | Bought a fading demon blade for 580 gold pieces
 11829 | Orc:2    | Identified the cursed +0 demon blade of Seocy {flame,
                  | *Contam Str+3 Dex+5 SInv} (You bought it in a shop on level
                  | 2 of the Orcish Mines)
 12348 | Orc:2    | Reached skill level 1 in Long Blades
 12528 | Orc:2    | Found a staircase to the Elven Halls.
 12528 | Orc:2    | Noticed an orc knight
 12538 | Orc:2    | Reached skill level 10 in Fighting
 12556 | Orc:2    | Killed an orc knight
 12642 | Orc:2    | Noticed an orc sorcerer
 12643 | Orc:2    | Found a roughly hewn altar of Beogh.
 12643 | Orc:2    | Found Ojaergh's Antique Weapon Boutique.
 12650 | Orc:2    | Noticed a sun demon
 12658 | Orc:2    | Killed an orc sorcerer
 13334 | Orc:2    | Found a roughly hewn altar of Beogh.
 13486 | Orc:2    | Found a roughly hewn altar of Beogh.
 13552 | Orc:2    | Reached ****** piety under Hepliaklqana
 13552 | Orc:2    | Noticed an orc sorcerer
 13556 | Orc:2    | Noticed an orc warlord
 13557 | Orc:2    | Paralysed by an orc sorcerer for 5 turns
 13558 | Orc:2    | Noticed a sixfirhy
 13560 | Orc:2    | Mangled by an orc warrior

Illustrated notes

Levels and vault maps discovered:
D:1:      minmay_arrival_checkered_box, layout_basic
D:2:      layout_basic, nicolae_overflow_crystal_walls,
          kiku_gazebo_garden_becter, kennysheep_boxes
D:3:      minmay_chambers_of_twos, layout_loops_ring, elyvilon_altar_5,
          old_standard_altar, tso_oasis_becter, uniq_jessica
D:4:      layout_gridville, cheibriados_altar_1, serial_shops, shop,
          nicolae_dithmenos_shadow_blocks, uniq_sigmund, uniq_ijyb, uniq_duvessa
D:5:      layout_cave_pools, lemuel_coloured_pillars_altar,
          minmay_temple_entry_proselytizer, nicolae_tso_carved_into_rock
D:6:      layout_loops_ring, kennysheep_little_box, kennysheep_diamond
D:7:      layout_loops_corners, nemelex_xobeh_ov_fountains_minmay,
          dancing_weapons_uskayaw, enter_bailey_3, nicolae_ossuary_entry_giza,
          fedhas_altar_4
D:8:      layout_basic, general_overflow_altar,
          grunt_temple_overflow_order_and_chaos_1, nicolae_transmutations_shop,
          grunt_ministairs_14, small_statue_intersection,
          minmay_stone_trees_medium
D:9:      minmay_curly_fans, layout_cave_pools, david_orc_2, serial_shops, shop,
          nicolae_shop_statue_plus, grunt_decor_one_mirror,
          kennysheep_okawaru_gauntlet, uniq_psyche
D:10:     layout_cave_pools
D:11:     layout_rooms, erik_lair_island, minmay_misc_feat_columns, st_stairs_2
Orc:1:    layout_caves
Orc:2:    grunt_orc_community_town_hall, layout_caves,
          grunt_orc_community_big_house_1, grunt_orc_community_big_house_1,
          grunt_orc_community_house_2, grunt_orc_community_house_2,
          grunt_orc_community_house_1, grunt_orc_community_house_3,
          grunt_orc_community_house_3, grunt_orc_community_house_2,
          serial_shops, shop_fountains

Skill      XL: |  1  2  3  4  5  6  7  8  9 10 11 |
---------------+----------------------------------+-----
Axes           | 2 |  2.9
Armour         | 3 4 5 6 7 8 9 |  9.5
Shields        | 3 4 5 7 8 9 |  9.0
Fighting       | 4 5 6 8 9 10 | 10.0
Polearms       | 1 2 3 4 6 7 8 |  8.1
Evocations     | 1 3 |  3.0
Long Blades    | 3 |  3.9

Action                   |  1- 3 |  4- 6 |  7- 9 | 10-12 || total
-------------------------+-------+-------+-------+-------++-------
Melee: War axe           |    91 |    45 |       |       ||   136
       Spear             |       |    79 |   529 |   579 ||  1187
       Kick              |       |    16 |    50 |   131 ||   197
       Demon blade       |       |       |       |   159 ||   159
Invok: Ancestor Identity |     1 |     1 |       |       ||     2
       Recall Ancestor   |     1 |       |       |       ||     1
       Ancestor Life: He |       |       |     1 |       ||     1
  Use: Scroll            |       |       |     3 |    18 ||    21
       Potion            |       |       |       |     5 ||     5
 Stab: Confused          |       |       |     6 |     3 ||     9
       Invisible         |       |       |       |     2 ||     2
       Distracted        |       |       |       |     3 ||     3
Armor: Scale mail        |    33 |    36 |    64 |    60 ||   193
       Chain mail        |       |     7 |       |       ||     7
       Skin              |       |       |       |    65 ||    65
       Ring mail         |       |       |       |    31 ||    31
Dodge: Dodged            |    34 |    50 |    78 |   119 ||   281
Block: Kite shield       |    50 |    90 |   274 |   541 ||   955
       Rpst.: Demon blade |       |       |       |     8 ||     8
